 Dungeon Crawl Stone Soup version 0.31.0-11-ge490571c62 (webtiles) character file.

Game seed: 11505525258092471503

44 stipulation the Grave Robber (level 3, -1/16 HPs)
             Began as a Vine Stalker Necromancer on Jan 28, 2024.
             Slain by a kobold brigand
             ... wielding a +0 dagger
              (6 damage)
             ... in a sewer.
             The game lasted 00:02:00 (1807 turns).

stipulation the Grave Robber (VSNe)                 Turns: 1807, Time: 00:02:01

Health: -1/16      AC:  2    Str: 10    XL:     3   Next: 60%
Magic:  0/8        EV: 12    Int: 17    God:
Gold:   65         SH:  0    Dex: 14    Spells: 7/8 levels left

rFire   . . .        m - +0 dagger
rCold   . . .        (no shield)
rNeg    . . .        a - +0 robe
rPois   .            (no helmet)
rElec   .            (no cloak)
rCorr   .            (no gloves)
SInv    .            (no boots)
Will    .....        (no amulet)
Stlth   ++           (no ring)
HPRegen 1.02/turn    (no ring)
MPRegen 0.11/turn

%: guardian spirit
@: no status effects
A: fangs 2, regeneration 1, magic shield, antimagic bite, no potion heal 2
a: no special abilities


You were in a sewer.
You visited 1 branch of the dungeon, and saw 3 of its levels.
You also visited: Sewer.

You collected 65 gold pieces.

Inventory:

Hand Weapons
 m - a +0 dagger (weapon)
Armour
 a - a +0 robe (worn)
Scrolls
 f - a scroll of poison {unknown}
 h - a scroll of teleportation {unknown}
 i - a scroll of identify {unknown}
 j - 2 scrolls of fear {unknown}
 k - a scroll of noise {unknown}
Potions
 b - a potion of magic
 c - a potion of attraction {unknown}
 d - a potion of mutation {unknown}
 e - 2 potions of heal wounds {unknown}
 g - a potion of degeneration {unknown}
 l - a potion of resistance {unknown}


   Skills:
 - Level 1.5 Dodging
 - Level 2.4 Stealth
 + Level 3.2 Spellcasting
 + Level 4.6 Necromancy


You had 7 spell levels left.
You knew the following spells:

 Your Spells              Type           Power      Damage    Failure   Level
a - Necrotise             Necr           72%        1d7       2%          1

Your spell library contained the following spells:

 Spells                   Type           Power      Damage    Failure   Level
 Vampiric Draining        Necr           18%        2d7       8%          3
 Magic Dart               Conj           8%         1d3       17%         1
 Searing Ray              Conj           4%         2d4       26%         2
 Animate Dead             Necr           18%        N/A       26%         4
 Hailstorm                Conj/Ice       2%         3d5       45%         3
 Summon Ice Beast         Ice/Summ       2%         N/A       45%         3
 Curse of Agony           Necr           18%        N/A       56%         5
 Fulminant Prism          Conj/Alch      1%         3d5       86%         4
 Sculpt Simulacrum        Ice/Alch       1%         N/A       100%        6


Dungeon Overview and Level Annotations

Branches:
Dungeon (3/15)              Sewer (1/1)

Altars:


Innate Abilities, Weirdness & Mutations

You have extremely sharp teeth.
Your natural rate of healing is unusually fast.
When hurt, damage is shared between your health and your magic reserves.
Your bite disrupts and absorbs the magic of your enemies.
Potions cannot restore your health.


Message History

Casting: Necrotise (safe; 2% risk of failure)
Confirm with . or Enter, or press ? or * to list all spells.
Aiming: Necrotise (safe; 2% risk of failure)
Press: ? - help, Shift-Dir - straight line, f/p - kobold brigand
Aim: a kobold brigand, wielding a +0 dagger and quivering curare-tipped darts (lightly wounded, chance to affect: 76%)
The kobold brigand writhes in agony.
The kobold throws a stone.
The stone misses you. The kobold hits you but does no damage.
The kobold brigand closely misses you.
Casting: Necrotise (safe; 2% risk of failure)
Confirm with . or Enter, or press ? or * to list all spells.
Aiming: Necrotise (safe; 2% risk of failure)
Press: ? - help, Shift-Dir - straight line, f/p - kobold brigand
Aim: a kobold brigand, wielding a +0 dagger and quivering curare-tipped darts (moderately wounded, chance to affect: 76%)
The kobold brigand barely resists.
The kobold hits you with a +0 whip. The kobold brigand barely misses you.
Unknown command.
You aren't carrying any items that you can evoke.
Unknown command.
You hit the kobold brigand but do no damage.
You bite the kobold brigand, but do no damage.
The kobold brigand is moderately wounded.
The kobold closely misses you. The kobold hits you but does no damage.
The kobold brigand hits you but does no damage.
You completely miss the kobold brigand.
The kobold brigand is moderately wounded.
The kobold hits you with a +0 whip.
The kobold brigand hits you with a +0 dagger.
You completely miss the kobold brigand.
The kobold brigand is moderately wounded.
The kobold hits you but does no damage. The kobold barely misses you.
The kobold brigand closely misses you.
Casting: Necrotise (safe; 2% risk of failure)
Confirm with . or Enter, or press ? or * to list all spells.
You don't have enough magic to cast this spell.
Unknown command.
You hit the kobold brigand.
The kobold brigand is moderately wounded.
The kobold hits you with a +0 dagger. The kobold hits you with a +0 whip.
The kobold brigand hits you with a +0 dagger.
You die...

#.~≈~.#
+.~≈~.+
#.~≈~.#
#.~≈~.#
+.~≈~.+
#.~≈~.#
####.~≈~.####
#!.K@K∩....∩#
####KK≈~.####
#.~≈~.#
.'.~≈~.'..
###.~≈~.###
#.~≈~.#
'.~≈~.+
##.~≈~.#


You could see a kobold brigand and 3 kobolds.

Vanquished Creatures
  A dart slug (D:2)
  3 ribbon worms
  5 endoplasms
  2 goblins
  3 hobgoblins (D:2)
  3 kobolds
  A quokka (D:2)
  4 ball pythons
  3 bats (D:1)
  6 frilled lizards (D:2)
  3 rats
34 creatures vanquished.

Vanquished Creatures (collateral kills)
  2 frilled lizards (D:2)
2 creatures vanquished.

Grand Total: 36 creatures vanquished

Notes
Turn   | Place    | Note
-------+----------+-------------------------------------------
     0 | D:1      | stipulation the Vine Stalker Necromancer began the quest
                  | for the Orb.
     0 | D:1      | Reached XP level 1. HP: 9/9 MP: 4/4
   467 | D:1      | Reached XP level 2. HP: 13/13 MP: 3/6
  1159 | D:2      | Reached XP level 3. HP: 16/16 MP: 4/8
  1703 | D:3      | Found a glowing drain.
  1796 | Sewer    | Entered a sewer
  1796 | Sewer    | Noticed a kobold brigand
  1807 | Sewer    | Slain by a kobold brigand

Illustrated notes

Levels and vault maps discovered:
D:1:      dpeg_arrival_round_a, layout_basic, chequers_serial_rivers_small_3
D:2:      layout_rooms, minmay_lizard_king
D:3:      layout_loops_ring, cheibrodos_sewer_entry_bend, serial_forest,
          infiniplex_forest_clump_medium, infiniplex_forest_clump_small,
          infiniplex_forest_zigzag_1, infiniplex_forest_end_3,
          infiniplex_forest_straight_3
Sewer:    kennysheep_door_sewer

Skill      XL: |  1  2  3 |
---------------+----------+-----
Spellcasting   | 3 |  3.2
Dodging        | |  1.5
Stealth        | |  2.4
Necromancy     | |  4.6

Action                     || total
---------------------------++-------
  Melee: Unarmed           ||     3
         Bite              ||    13
         Dagger            ||    25
   Cast: Necrotise         ||    79
 Armour: Robe              ||    25
  Dodge: Dodged            ||    24
